 Dungeon Crawl Stone Soup version 0.27.0-1-g7a08968 (webtiles) character file.

Game seed: 1901330783683821527

18 Danakh the Sneak (level 2, -5/24 HPs)
             Began as a Demonspawn Delver on Nov 27, 2021.
             Slain by a worm (10 damage)
             ... on level 2 of the Dungeon.
             The game lasted 00:03:35 (594 turns).

Danakh the Sneak (Demonspawn Delver)                 Turns: 594, Time: 00:03:36

Health: -5/24      AC:  4    Str: 12    XL:     2   Next: 48%
Magic:  2/2        EV: 12    Int: 11    God:
Gold:   27         SH:  0    Dex: 14    Spells: 1/1 levels left

rFire    . . .     SeeInvis .   a - +0 hand axe
rCold    . . .     Faith    .   (no shield)
rNeg     . . .     Spirit   .   b - +0 leather armour
rPois    .         Reflect  .   (no helmet)
rElec    .         Harm     .   (no cloak)
rCorr    .         Rampage  .   (no gloves)
Will     .....                  (no boots)
Stlth    +++.......             (no amulet)
HPRegen  0.08/turn              (no ring)
MPRegen  0.08/turn              (no ring)

@: no status effects
A: rugged brown scales 1
a: no special abilities


You were on level 2 of the Dungeon.
You visited 1 branch of the dungeon, and saw 4 of its levels.

You collected 27 gold pieces.

Inventory:

Hand Weapons
 a - a +0 hand axe (weapon)
Armour
 b - a +0 leather armour (worn)
Wands
 g - a wand of digging (3)
Scrolls
 c - 3 scrolls of fog
 d - a scroll of magic mapping
 e - 2 scrolls of identify {unknown}
Potions
 f - a potion of haste
 h - a potion of curing {unknown}
 i - a potion of resistance {unknown}


   Skills:
 + Level 3.1 Fighting
 + Level 2.0 Axes
 + Level 0.6 Armour
 + Level 2.0 Dodging
 * Level 4.7 Stealth


You had one spell level left.
You didn't know any spells.
Your spell library contained the following spells:

 Spells                   Type           Power      Damage    Failure   Level
 Foxfire                  Conj/Fire      0%         2x1d4     41%         1
 Conjure Flame            Conj/Fire      0%         6-21      80%         3
 Inner Flame              Hex/Fire       0%         N/A       80%         3


Dungeon Overview and Level Annotations

Branches:
Dungeon (5/15)
 Temple: D:4-7

Altars:

Shops:
D:2 [


Innate Abilities, Weirdness & Mutations

You are partially covered in rugged brown scales. (AC +1, +3% HP)


Message History

The worm is moderately wounded.
The worm completely misses you.
You barely miss the worm.
The worm is moderately wounded.
You hit the worm.
The worm is heavily wounded.
You barely miss the jackal.
The jackal bites you but does no damage.
The worm bites you.
The ball python bites you but does no damage.
The ball python grabs you. The ball python constricts you.
You hit the ball python.
The ball python is heavily wounded.
You hit the worm. You hit the jackal but do no damage.
The jackal bites you but does no damage.
The ball python barely misses you. The ball python constricts you.
The jackal bites you but does no damage.
The worm bites you.
You slash the ball python!
You kill the ball python!
You hit the jackal but do no damage. You hit the worm. The jackal misses you.
The jackal closely misses you.
Unknown command.
You barely miss the worm.
The worm is severely wounded.
You closely miss the jackal. The jackal barely misses you. The worm bites you!
* * * LOW HITPOINT WARNING * * *
You are too injured to fight recklessly!
Unknown command.
You are too injured to fight recklessly!
Unknown command.
You are too injured to fight recklessly!
Unknown command.
You are too injured to fight recklessly!
You hit the worm.
The worm is almost dead.
You hit the jackal. The jackal bites you.
* * * LOW HITPOINT WARNING * * *
The worm bites you!
You die...

#<.....#..##.#
#......#......
#......#..#...
######......'....#.
............###..#.
#####+######.##'####..##
.............##.##....##
.............##.##...∩..
......w@.....##.##.##(..
......h......##.#####..#
.............##+#####..#
...........?...........#
........................
........................
........................
###########.............
..........


You could see a worm and a jackal.

Vanquished Creatures
  An adder (D:2)
  A ball python (D:2)
  An endoplasm (D:2)
  A giant cockroach (D:4)
  2 jackals (D:2)
  2 kobolds
8 creatures vanquished.

Notes
Turn   | Place    | Note
-------+----------+-------------------------------------------
     0 | D:5      | Danakh the Demonspawn Delver began the quest for the Orb.
     0 | D:5      | Reached XP level 1. HP: 18/18 MP: 1/1
    46 | D:5      | Noticed a hound
   210 | D:2      | Gained mutation: You are partially covered in rugged brown
                  | scales. (AC +1, +3% HP) [demonic ancestry]
   210 | D:2      | Reached XP level 2. HP: 9/24 MP: 2/2
   537 | D:2      | Found Masux's Armour Emporium.
   594 | D:2      | Slain by a worm

Illustrated notes

Levels and vault maps discovered:
D:2:      layout_basic, shapermc_ecumenical_altar_starsandcircs, serial_shops,
          nicolae_square_shop
D:3:      layout_rooms
D:4:      minmay_opposing_rooms, layout_basic, ashenzari_conservatory_becter,
          uniq_ijyb
D:5:      layout_basic, lemuel_round_altar, mainiacjoe_overflow_cross_hatched,
          uniq_blork_the_orc

Skill      XL: |  1  2 |
---------------+-------+-----
Dodging        | 2 |  2.0
Axes           | 2 |  2.0
Fighting       | |  3.1
Armour         | |  0.6
Stealth        | |  4.7

Action                   || total
-------------------------++-------
Melee: Hand axe          ||    42
  Use: Scroll            ||     1
 Stab: Sleeping          ||     1
Armor: Leather armour    ||    15
Dodge: Dodged            ||    36
